 Dungeon Crawl Stone Soup version 0.29-a0-717-g6dac4ea423 (webtiles) character file.

Game seed: 5314779589405189689

8 Sabo the Trooper (level 2, 27/27 HPs)
             Began as a Hill Orc Fighter on June 26, 2022.
             Was a Plaything of Xom.
             Got out of the dungeon alive.
             The game lasted 00:00:57 (209 turns).

Sabo the Trooper (Hill Orc Fighter)                  Turns: 209, Time: 00:00:58

Health: 27/27      AC:  6    Str: 18    XL:     2   Next: 8%
Magic:  2/2        EV:  9    Int:  8    God:    Xom [..*...]
Gold:   13         SH:  4    Dex: 10    Spells: 1/1 levels left

rFire   . . .      SeeInvis .   a - +0 war axe
rCold   . . .      Faith    .   c - +0 buckler
rNeg    . . .      Spirit   .   b - +0 scale mail
rPois   .          Reflect  .   (no helmet)
rElec   .          Harm     .   (no cloak)
rCorr   .          Rampage  .   (no gloves)
Will    .....                   (no boots)
Stlth   ..........              (no amulet)
HPRegen 0.09/turn               (no ring)
MPRegen 0.08/turn               (no ring)

@: no status effects
A: no striking features
a: Renounce Religion


You escaped.
You worshipped Xom.
You were a toy of Xom.
You visited 1 branch of the dungeon, and saw 1 of its levels.

You collected 13 gold pieces.

Inventory:

Hand Weapons
 a - a +0 war axe (weapon)
Missiles
 f - 2 poisoned darts (quivered)
Armour
 b - a +0 scale mail (worn)
 c - a +0 buckler (worn)
Scrolls
 e - 2 scrolls of identify {unknown}
Potions
 d - a potion of might


   Skills:
 + Level 4.1 Fighting
 + Level 2.7 Axes
 + Level 3.3 Armour
 + Level 3.4 Shields


You had one spell level left.
You didn't know any spells.
Your spell library was empty.

Dungeon Overview and Level Annotations

Branches:
Dungeon (1/15)

Altars:
Xom


Message History

You hit the endoplasm.
The endoplasm is severely wounded.
The endoplasm closely misses you.
You hit the endoplasm.
You kill the endoplasm!
Your Fighting skill increases to level 4!
You have reached level 2!
You now have 13 gold pieces.
e - 2 scrolls labelled CYEPRU OQUBAW (gained 1)
You open the door.
Found 2 poisoned darts.
Found a stone.
Found a faded altar of an unknown god.
A ball python comes into view.
The ball python hisses angrily.
The ball python closely misses you. The ball python grabs you.
The ball python constricts you.
You see here 2 poisoned darts.
You hit the ball python.
You kill the ball python!
Things that are here:
a stone; a ball python corpse You see here 2 poisoned darts.
f - 2 poisoned darts
There is a faded altar of an unknown god here.
You cannot tell which god this altar belongs to.
Convert to them anyway?
Xom accepts your prayer! Xom welcomes you!
Xom is fascinated!
Things that are here:
a stone; a ball python corpse As you open the door, it creaks loudly!
There is an open door here.
There is a large open door here.
You enter the shallow water.
Moving in this stuff is going to be slow.
You enter the shallow water.
Moving in this stuff is going to be slow.
There is a staircase leading out of the dungeon here.
Are you sure you want to leave the Dungeon?
This will make you lose the game!
You have escaped!

#####.#....##
.....)......#
####...###''#####
#..8.......≈≈##
...#.≈≈≈≈≈≈..≈≈#
.....#≈≈≈...≈≈..≈#
.... #≈≈..≈..≈≈.≈#
.... #≈..≈≈≈.≈≈.≈#
.## #≈.≈≈.@.≈≈.≈#
#≈.≈≈.≈≈≈..≈#
#≈.≈≈..≈..≈≈#
#≈..≈≈...≈≈≈#
#≈≈..≈≈≈≈≈≈.#
##≈≈.......8.#
#####++###..# ..#


There were no monsters in sight!

Vanquished Creatures
  A ball python (D:1)
  2 endoplasms (D:1)
  A giant cockroach (D:1)
  A goblin (D:1)
  A hobgoblin (D:1)
6 creatures vanquished.

Notes
Turn   | Place    | Note
-------+----------+-------------------------------------------
     0 | D:1      | Sabo the Hill Orc Fighter began the quest for the Orb.
     0 | D:1      | Reached XP level 1. HP: 19/19 MP: 1/1
    88 | D:1      | Reached skill level 4 in Fighting
    88 | D:1      | Reached XP level 2. HP: 27/27 MP: 2/2
   122 | D:1      | Found a faded altar of an unknown god.
   137 | D:1      | Prayed at the altar of an unknown god.
   137 | D:1      | Became a worshipper of Xom of Chaos
   209 | D:$      | Got out of the dungeon alive.

Illustrated notes

Levels and vault maps discovered:
D:1:      psy_arrival_whirlpool, layout_basic,
          shapermc_ecumenical_altar_mp_highgroup

Skill      XL: |  1 |
---------------+----+-----
Fighting       | 4 |  4.1
Axes           | |  2.7
Armour         | |  3.3
Shields        | |  3.4

Action                   || total
-------------------------++-------
Melee: War axe           ||    15
Armor: Scale mail        ||     5
Dodge: Dodged            ||    11
Block: Buckler           ||     1

Table legend: (Time is in decaauts)
 A = Elapsed time spent in this place.
 B = Non-inter-level travel time spent in this place.
 C = Inter-level travel time spent in this place.
 D = Time resting spent in this place.
 E = Time spent auto-exploring this place.
 F = Levels seen in this place.
 G = Mean time per level.
                   A        B        C        D        E       F      G
               +--------+--------+--------+--------+--------+-----+--------+
         Total |    218 |    218 |      0 |      0 |      0 |   1 |  218.0 |
       Dungeon |    218 |    218 |      0 |      0 |      0 |   1 |  218.0 |
               +--------+--------+--------+--------+--------+-----+--------+

Top non-repeatable levels by time:
     D:1: 218 daAuts
